 Dungeon Crawl Stone Soup version 0.29.0-11-gd7f09526c8 (webtiles) character file.

Game seed: 2747946639142385120

236 Arum the Trooper (level 6, -3/51 HPs)
             Began as a Formicid Fighter on Sept 4, 2022.
             Was an Initiate of Ashenzari.
             Slain by a vampire (4 damage)
             ... created by the anger of Yredelemnul
             ... on level 3 of the Dungeon.
             The game lasted 00:03:29 (2614 turns).

Arum the Trooper (Formicid Fighter)                 Turns: 2614, Time: 00:03:29

Health: -3/51      AC:  7    Str: 22    XL:     6   Next: 27%
Magic:  6/6        EV:  9    Int:  8    God:    Ashenzari [......]
Gold:   140        SH:  5    Dex: 13    Spells: 5/5 levels left

rFire   . . .      SeeInvis +   a - +0 flail
rCold   . . .      Faith    .   c - +0 buckler of Ashenzari's Failure {Self, Fort} (curse)
rNeg    . . .      Spirit   .   b - +0 scale mail
rPois   .          Reflect  .   (helmet unavailable)
rElec   .          Harm     .   (no cloak)
rCorr   .          Rampage  .   (no gloves)
Will    .....                   (no boots)
Stlth   ..........              (no amulet)
HPRegen 0.17/turn               (no ring)
MPRegen 0.10/turn               (no ring)

@: mighty
A: permanent stasis, dig shafts and tunnels, antennae 3, four strong arms
a: Dig, Shaft Self, Renounce Religion, Shatter the Chains


You were on level 3 of the Dungeon.
You worshipped Ashenzari.
Ashenzari was noncommittal.
You visited 1 branch of the dungeon, and saw 3 of its levels.

You collected 140 gold pieces.

Inventory:

Hand Weapons
 a - a +0 flail (weapon)
Armour
 b - a +0 scale mail (worn)
 c - the cursed +0 buckler of Ashenzari's Failure (worn) {Self, Fort}

   It has a curse which improves the following skills: Introspection: Fighting
   and Spellcasting.
   Fortitude: Armour and Shields.
Scrolls
 e - a scroll of fog {unknown}
 g - a scroll of poison {unknown}
 h - a scroll of torment {unknown}
 i - a scroll of teleportation {unknown}
 j - 2 scrolls of immolation {unknown}
 k - a scroll of fear {unknown}
 l - 6 scrolls of identify {unknown}
 q - a scroll of acquirement {unknown}
Potions
 n - a potion of berserk rage {unknown}
 o - a potion of mutation {unknown}


   Skills:
 + Level 4.9(5.3) Fighting
 + Level 3.8 Maces & Flails
 + Level 4.9(5.3) Armour
 - Level 4.0(4.4) Shields


You had 5 spell levels left.
You didn't know any spells.
Your spell library contained the following spells:

 Spells                   Type           Power      Damage    Failure   Level
 Apportation              Tloc           0%         N/A       78%         1
 Beastly Appendage        Tmut           0%         N/A       78%         1
 Necrotise                Necr           0%         1d4       78%         1
 Summon Small Mammal      Summ           0%         N/A       78%         1
 Ensorcelled Hibernation  Hex/Ice        0%         N/A       89%         2
 Passwall                 Tmut/Erth      0%         N/A       89%         2
 Sublimation of Blood     Necr           0%         N/A       89%         2
 Wereblood                Tmut           0%         N/A       89%         2
 Gell's Gravitas          Tloc           0%         N/A       98%         3
 Lesser Beckoning         Tloc           0%         N/A       98%         3
 Spider Form              Tmut/Pois      0%         N/A       98%         3
 Teleport Other           Tloc           0%         N/A       98%         3
 Tukima's Dance           Hex            0%         N/A       98%         3
 Passage of Golubria      Tloc           0%         N/A       100%        4
 Yara's Violent Unravell  Hex/Tmut       0%         3d3       100%        5
 Summon Hydra             Summ           0%         N/A       100%        7
 Swiftness                Air            Unusable   N/A       N/A         3

Dungeon Overview and Level Annotations

Branches:
Dungeon (3/15)

Altars:
Ashenzari
Yredelemnul
Zin

Shops:
D:1 [   D:3 (


Innate Abilities, Weirdness & Mutations

You cannot be hasted, slowed, berserked, paralysed or teleported.
You can dig through walls and to a lower floor.
You have a pair of large antennae on your head. (SInv)
Your four strong arms can wield two-handed weapons with a shield.


Message History

The vampire hits you.
* * * LOW HITPOINT WARNING * * *
The vampire bites you but does no damage.
It was a potion of heal wounds.
You feel much better. The vampire hits you. The vampire bites you.
The vampire draws strength from your injuries!
You feel much better. The vampire hits you! The vampire bites you!
The vampire draws strength from your injuries!
It was a potion of ambrosia.
You are more confused.
You feel invigorated. The vampire casts a spell at you.
You resist with some effort.
It was a potion of curing.
You feel better.
You feel less invigorated.
The vampire hits you but does no damage.
You block the vampire's attack.
You barely miss the vampire.
The vampire is lightly damaged.
The vampire barely misses you. x2
You hit the vampire.
The vampire is lightly damaged.
The vampire casts a spell at you. You resist with some effort.
You closely miss the vampire.
The vampire is lightly damaged.
The vampire hits you. The vampire closely misses you.
You closely miss the vampire.
The vampire is lightly damaged.
The vampire hits you. The vampire bites you!
The vampire draws strength from your injuries!
The vampire hits you! The vampire bites you!
* * * LOW HITPOINT WARNING * * *
The vampire draws strength from your injuries!
You barely miss the vampire. The vampire hits you!
* * * LOW HITPOINT WARNING * * *
The vampire closely misses you.
You hit the vampire.
The vampire is lightly damaged.
The vampire hits you.
You die...

#...# #.# ################
..##########.###
#...............
...............#
#.##############
.....##'##.....# #.# #
..8.##..)##.8..###.# #
...##....)##....##.# #
..#####....##......# #
.##⌠.⌠##....##.#############
#
.#.....#..(..#..@V..........
.
.#.._..#.._..#..############
# .#.....#.....#..#
.##....##⌠.⌠##..#
..##....#####...# ...##....
##....####### ..8.##.>
##.8.........#
.....#####.....######.#
...............######.#


You could see a vampire (invisible).

Vanquished Creatures
  Sigmund (D:3)
  2 adders
  3 worms (D:2)
  An orc (D:3)
  2 ball pythons
  7 bats
  4 endoplasms
  3 giant cockroaches
  3 goblins
  6 hobgoblins
  3 jackals (D:1)
  5 kobolds
  2 quokkas (D:1)
  4 frilled lizards
  5 rats
51 creatures vanquished.

Notes
Turn   | Place    | Note
-------+----------+-------------------------------------------
     0 | D:1      | Arum the Formicid Fighter began the quest for the Orb.
     0 | D:1      | Reached XP level 1. HP: 18/18 MP: 1/1
   163 | D:1      | Found Ceonaxuh's Armour Emporium.
   225 | D:1      | Reached XP level 2. HP: 13/24 MP: 2/2
   700 | D:1      | Reached XP level 3. HP: 29/30 MP: 3/3
  1263 | D:2      | Found a faded altar of an unknown god.
  1283 | D:2      | Prayed at the altar of an unknown god.
  1283 | D:2      | Became a worshipper of Yredelemnul the Dark
  1283 | D:2      | Reached * piety under Yredelemnul
  1284 | D:2      | Fell from the grace of Yredelemnul
  1498 | D:2      | Reached XP level 4. HP: 24/37 MP: 4/4
  2188 | D:3      | Noticed Sigmund
  2206 | D:3      | Killed Sigmund
  2207 | D:3      | Reached XP level 5. HP: 15/43 MP: 5/5
  2207 | D:3      | Reached XP level 6. HP: 18/50 MP: 6/6
  2443 | D:3      | Found Finluci's Antique Weapon Boutique.
  2513 | D:3      | Found a faded altar of an unknown god.
  2516 | D:3      | Found a glowing silver altar of Zin.
  2524 | D:3      | Prayed at the altar of an unknown god.
  2524 | D:3      | Became a worshipper of Ashenzari the Shackled
  2593 | D:3      | Noticed a vampire
  2613 | D:3      | HP: 1/51 [vampire[the anger of Yredelemnul] (12)]
  2614 | D:3      | Slain by a vampire

Illustrated notes

Levels and vault maps discovered:
D:1:      tarquinn_simple_flora_water_b, layout_basic, serial_shops,
          nicolae_shop_window_shopping
D:2:      layout_basic, chequers_ecumenical_altar_simple, minmay_tripent
D:3:      layout_basic, grunt_dithmenos_smoke_and_mirrors,
          nicolae_overflow_ecumenical_swirl, serial_shops,
          nicolae_shop_behind_doors, kennysheep_generic_room_11, uniq_sigmund

Skill      XL: |  1  2  3  4 |
---------------+-------------+-----
Fighting       | 4 |  4.9
Armour         | 4 |  4.9
Maces & Flails | 3 |  3.8
Shields        | |  4.0

Action                   |  1- 3 |  4- 6 || total
-------------------------+-------+-------++-------
Melee: Flail             |   107 |    50 ||   157
Invok: Renounce Religion |     1 |       ||     1
       Curse Item        |       |     1 ||     1
 Abil: Dig               |       |     1 ||     1
  Use: Potion            |       |     5 ||     5
Armor: Scale mail        |    45 |    14 ||    59
Dodge: Dodged            |    46 |    18 ||    64
Block: Buckler           |    27 |     8 ||    35
